 Dungeon Crawl Stone Soup version 0.30-a0-165-g1891117ce2 (webtiles) character file.

Game seed: 13365793759165296880

23602 qw the Cleaver (level 13, -3/82 HPs)
             Began as a Gargoyle Fighter on Sept 28, 2022.
             Was a High Priest of Okawaru.
             Splashed with acid (23 damage)
             ... on level 4 of the Lair of Beasts.
             The game lasted 00:04:44 (10100 turns).

qw the Cleaver (Gargoyle Fighter)                  Turns: 10100, Time: 00:04:44

Health: -3/82      AC: 31    Str: 24    XL:     13   Next: 7%
Magic:  18/20      EV: 13    Int: 10    God:    Okawaru [*****.]
Gold:   970        SH:  6    Dex:  9    Spells: 12/12 levels left

rFire   + . .      SeeInvis .    Y - +6 broad axe (venom)
rCold   + . .      Faith    .    c - +0 buckler
rNeg    + . .      Spirit   .    a - +0 plate armour
rPois   inf        Reflect  .    (no helmet)
rElec   +          Harm     .    (no cloak)
rCorr   .          Rampage  .    (no gloves)
Will    .....                    b - +0 pair of boots
Stlth   ..........               (no amulet)
HPRegen 1.03/turn                f - +4 ring of evasion
MPRegen 0.17/turn                o - ring of protection from cold

@: about to teleport, heroic
A: sickness immunity, AC +9, negative energy resistance 1, electricity
resistance, torment resistance 1, petrification resistance, iridescent scales 2,
camouflage 1, fire resistance 1, regeneration 1
a: Renounce Religion, Heroism, Finesse, Duel


You were on level 4 of the Lair of Beasts.
You worshipped Okawaru.
Okawaru was extremely pleased with you.
You visited 3 branches of the dungeon, and saw 13 of its levels.
You also visited: Ossuary.

You collected 970 gold pieces.


Innate Abilities, Weirdness & Mutations

You are immune to sickness and miasma.
Your stone body is resilient. (AC +9)
You are immune to poison.
You resist negative energy. (rN+)
You are resistant to electric shocks. (rElec)
You are resistant to unholy torment.
You are immune to petrification.
You are mostly covered in iridescent scales. (AC +4)
Your skin changes colour to match your surroundings (Stealth+).
Your flesh is heat resistant. (rF+)
Your natural rate of healing is unusually fast.


   Skills:
 - Level 10.0(15.0) Fighting
 + Level 13.6(18.6) Axes
 - Level 2.2(7.2) Throwing
 - Level 9.2(14.2) Armour
 - Level 2.0(7.0) Dodging
 - Level 6.0(11.0) Shields
 - Level 10.1 Invocations


You had 12 spell levels left.
You didn't know any spells.
Your spell library was empty.

Inventory:

Hand Weapons
 h - a +2 war axe of flaming
 Y - a +6 broad axe of venom (weapon)
Missiles
 j - 5 boomerangs (quivered)
Armour
 a - a +0 plate armour (worn)
 b - a +0 pair of boots (worn)
 c - a +0 buckler (worn)
Jewellery
 e - a +6 ring of dexterity
 f - a +4 ring of evasion (left hand)
 o - a ring of protection from cold (right hand)
Wands
 n - a wand of digging (19)
Scrolls
 g - 10 scrolls of teleportation
 m - a scroll of identify
Potions
 d - 4 potions of might
 i - 2 potions of curing
 k - 2 potions of magic
 p - 3 potions of lignification
 q - 2 potions of haste
 s - a potion of attraction
 t - a potion of resistance
 u - 3 potions of mutation

Dungeon Overview and Level Annotations

Branches:
Dungeon (8/15)             Temple (1/1) D:5            Lair (4/5) D:8
 Shoals (0/4) Lair:3        Snake (0/4) Lair:3        Slime (0/5) Lair:4
Ossuary (visited)

Altars:
Cheibriados
Dithmenos
Elyvilon
Fedhas
Gozag
Hepliaklqana
Kikubaaqudgha
Makhleb
Nemelex Xobeh
Okawaru
Qazlal
Ru
Sif Muna
Trog
Uskayaw
Vehumet
Wu Jian
Xom
Yredelemnul
Zin
The Shining One
Jiyva

Portals:
Ice
Cave: Lair:1

Annotations:
Lair:1 3 runed translucent doors, qw's ghost, journeyman GrFi


Message History

There is a viscous altar of Jiyva here.
A yak comes into view.
You slash the yak!
The yak is poisoned.
The yak is moderately wounded.
The yak gores you.
You slash the yak!
The yak looks as sick as possible!
The yak is severely wounded.
The yak gores you but does no damage.
You barely miss the yak.
The yak is severely wounded.
You block the yak's attack.
You slash the yak!
You kill the yak!
Okawaru accepts your kill.
You start resting.
A yak comes into view.
10094 ||| Stepping ~*~*~tactically~*~*~ (stealth).
You are splashed with acid!
10095 ||| Stepping ~*~*~tactically~*~*~ (stealth).
You are splashed with acid!
You're standing next to a slime covered wall!
You're standing next to a slime covered wall!
10096 ||| READING 11 scrolls of teleportation.
As you read the scroll of teleportation, it crumbles to dust.
You feel strangely unstable.
You are splashed with acid!!
You're standing next to a slime covered wall!
You're standing next to a slime covered wall!
10097 ||| Stepping randomly (stuck).
A yak comes into view.
There is a staircase to the Slime Pits here.
10098 ||| Stepping ~*~*~tactically~*~*~ (stealth).
You are splashed with acid!!
10099 ||| DRINKING potion of heal wounds.
You feel much better.
You are splashed with acid!
The wall burns the yak!
You block the yak's attack.
10100 ||| INVOKING Heroism.
You gain the combat prowess of a mighty hero.
You are splashed with acid!!
You die...

..# P.... #.# #..#.
#.### ## # ##.#.###
#..
...#.##..#..P###...
.......Y...........
#...###'##...P####
# ###.###..## #@Y_#
#...# .# #.>.#
#..## .# #...#
#...# #.#
#######..## #.##
#####...# ...#
........#####.#
#..####..##...# P.
#.......# P..
#..####%%##


You could see a yak.

Vanquished Creatures
  Kirke (Lair:4)
  3 hydras
  A catoblepas (Lair:2)
  A two-headed ogre (D:5)
  6 elephants (Lair:4)
  A torpor snail (Lair:1)
  4 cane toads
  Maggie (D:8)
  3 komodo dragons
  Psyche (D:8)
  3 rime drakes
  Prince Ribbit (Lair:2)
  16 blink frogs
  6 spriggans (Lair:2)
  24 yaks
  3 hogs (Lair:4)
  6 wyverns
  Edmund (D:5)
  2 nagas (Lair:3)
  Menkaure (D:6)
  11 water moccasins
  An orc warrior (D:7)
  2 ice beasts
  A sky beast (D:7)
  3 black bears
  2 centaurs
  6 wolves (Lair:1)
  3 bullfrogs
  6 necrophages
  2 scorpions
  3 water moccasin zombies (D:5)
  3 wights (D:8)
  3 howler monkeys (D:7)
  2 bullfrog zombies (D:5)
  A centaur zombie (D:5)
  A hound (D:7)
  4 jellies
  A gnoll bouda (D:8)
  8 orc priests
  A human zombie (D:5)
  Ijyb (D:3)
  Natasha (thrice) (D:3)
  An iguana (D:5)
  7 orc wizards
  A hound zombie (Ossuary)
  4 mummies (Ossuary)
  A howler monkey zombie (D:5)
  6 gnolls
  8 adders
  13 white imps
  A worm (D:2)
  46 orcs
  3 endoplasms
  4 giant cockroaches
  2 gnoll zombies (Ossuary)
  8 goblins
  3 hobgoblins
  4 jackals (D:5)
  2 quokkas
  10 ball pythons
  8 bats
  2 frilled lizards (D:2)
  3 goblin zombies (Ossuary)
  A hobgoblin zombie (Ossuary)
  A jackal zombie (Ossuary)
  6 kobolds
  2 kobold zombies (Ossuary)
  An orc zombie (Ossuary)
  6 rats
  A rat zombie (Ossuary)
  2 bushes
310 creatures vanquished.

Vanquished Creatures (others)
  14 fungi
  55 plants
69 creatures vanquished.

Grand Total: 379 creatures vanquished

Notes
Turn   | Place    | Note
-------+----------+-------------------------------------------
     0 | D:1      | qw the Gargoyle Fighter began the quest for the Orb.
     0 | D:1      | Reached XP level 1. HP: 14/14 MP: 1/1
     0 | D:1      | 0 ||| qw: Version: 0.2-a-12-gaebbb33
     0 | D:1      | 0 ||| qw: Game counter: 741
     0 | D:1      | 0 ||| qw: Always use a shield: true
     0 | D:1      | 0 ||| qw: God list: Okawaru
     0 | D:1      | 0 ||| qw: Allow faded altars: false
     0 | D:1      | 0 ||| qw: Do Orc after D:15 true
     0 | D:1      | 0 ||| qw: Do second Lair branch before Depths: true
     0 | D:1      | 0 ||| qw: Lair rune preference: random
     0 | D:1      | 0 ||| qw: Plans: Normal, Zot:1-4, God:TSO, Crypt, Tomb,
                  | Pan, Slime:5, Hells, Abyss, Orb
     0 | D:1      | 0 ||| PLANNING D:1-11
    46 | D:1      | Reached skill level 2 in Axes
   120 | D:1      | 120 ||| Stepping ~*~*~tactically~*~*~ (stealth).
   133 | D:1      | Reached XP level 2. HP: 18/19 MP: 2/2
   345 | D:1      | 345 ||| Stepping ~*~*~tactically~*~*~ (stealth).
   347 | D:1      | 347 ||| Stepping ~*~*~tactically~*~*~ (stealth).
   350 | D:1      | 350 ||| Stepping ~*~*~tactically~*~*~ (stealth).
   366 | D:1      | 366 ||| Stepping ~*~*~tactically~*~*~ (stealth).
   381 | D:1      | 381 ||| Stepping ~*~*~tactically~*~*~ (stealth).
   468 | D:1      | Reached skill level 3 in Axes
   538 | D:1      | Found a faded altar of an unknown god.
  1110 | D:1      | 1110 ||| UPGRADING to +0 chain mail.
  1120 | D:1      | 1120 ||| DROPPING +0 scale mail.
  1121 | D:1      | 1121 ||| UPGRADING to +6 ring of dexterity.
  1122 | D:1      | 1122 ||| READING scroll labelled UHYFOLOECW.
  1123 | D:1      | 1123 ||| READING 2 scrolls labelled WOIDO QALE.
  1126 | D:1      | 1126 ||| DRINKING 2 white potions.
  1127 | D:1      | 1127 ||| DROPPING potion of flight.
  1156 | D:2      | Reached XP level 3. HP: 23/23 MP: 3/3
  1160 | D:2      | 1160 ||| Stepping ~*~*~tactically~*~*~ (stealth).
  1168 | D:2      | 1168 ||| Stepping ~*~*~tactically~*~*~ (stealth).
  1170 | D:2      | 1170 ||| Stepping ~*~*~tactically~*~*~ (hiding).
  1289 | D:2      | 1289 ||| Stepping ~*~*~tactically~*~*~ (stealth).
  1438 | D:2      | 1438 ||| Stepping ~*~*~tactically~*~*~ (stealth).
  1439 | D:2      | 1439 ||| Stepping ~*~*~tactically~*~*~ (stealth).
  1883 | D:2      | 1883 ||| UPGRADING to ring of protection from cold.
  1884 | D:2      | 1884 ||| READING scroll labelled CENIAS MEYTZA.
  1885 | D:2      | 1885 ||| READING scroll labelled PYEFIQ WUVUS.
  1986 | D:2      | 1986 ||| READING scroll labelled KIJETHRUFEF.
  1987 | D:2      | 1987 ||| READING scroll labelled DULONA SEDEASS.
  1988 | D:2      | 1988 ||| DRINKING 3 viscous ruby potions.
  1989 | D:2      | 1989 ||| DRINKING 2 puce potions.
  1989 | D:2      | Gained mutation: You are dopey. (Int -2) [potion of
                  | mutation]
  1989 | D:2      | Gained mutation: You occasionally lose the ability to read
                  | scrolls when taking damage. [potion of mutation]
  1989 | D:2      | Gained mutation: Your flesh is heat resistant. (rF+)
                  | [potion of mutation]
  1989 | D:2      | Gained mutation: Your natural rate of healing is unusually
                  | fast. [potion of mutation]
  1990 | D:2      | 1990 ||| DRINKING potion of mutation.
  1990 | D:2      | Lost mutation: You occasionally lose the ability to read
                  | scrolls when taking damage. [potion of mutation]
  1990 | D:2      | Lost mutation: You are dopey. (Int -2) [potion of mutation]
  1990 | D:2      | Gained mutation: Your skin changes colour to match your
                  | surroundings (Stealth+). [potion of mutation]
  1990 | D:2      | Gained mutation: You are partially covered in iridescent
                  | scales. (AC +2) [potion of mutation]
  1990 | D:2      | Gained mutation: You are mostly covered in iridescent
                  | scales. (AC +4) [potion of mutation]
  2030 | D:3      | 2030 ||| Stepping ~*~*~tactically~*~*~ (stealth).
  2033 | D:3      | 2033 ||| Stepping ~*~*~tactically~*~*~ (stealth).
  2164 | D:3      | Reached XP level 4. HP: 28/28 MP: 4/4
  2166 | D:3      | 2166 ||| Stepping ~*~*~tactically~*~*~ (stealth).
  2225 | D:3      | Noticed Ijyb
  2226 | D:3      | 2226 ||| Stepping ~*~*~tactically~*~*~ (hiding).
  2236 | D:3      | Killed Ijyb
  2237 | D:3      | Reached skill level 4 in Axes
  2289 | D:3      | Noticed Natasha
  2296 | D:3      | Killed Natasha
  2297 | D:3      | Reached skill level 1 in Dodging
  2297 | D:3      | Reached XP level 5. HP: 32/32 MP: 5/5
  2400 | D:3      | Noticed Natasha
  2404 | D:3      | Killed Natasha
  2504 | D:3      | Noticed Natasha
  2521 | D:3      | Killed Natasha
  2712 | D:3      | 2712 ||| UPGRADING to +0 pair of boots.
  2717 | D:3      | 2717 ||| READING scroll labelled YFECUDI KAPH.
  2718 | D:3      | 2718 ||| DRINKING 2 metallic red potions.
  2719 | D:3      | 2719 ||| READING 3 scrolls of identify.
  2719 | D:3      | 2719 ||| IDENTIFYING lumpy clear potion
  2720 | D:3      | 2720 ||| READING 2 scrolls of identify.
  2720 | D:3      | 2720 ||| IDENTIFYING brown potion
  2721 | D:3      | 2721 ||| DROPPING potion of berserk rage.
  2722 | D:3      | 2722 ||| DROPPING potion of brilliance.
  2723 | D:3      | 2723 ||| DROPPING potion of degeneration.
  2756 | D:4      | 2756 ||| STAIRDANCE
  2764 | D:4      | Reached skill level 5 in Axes
  2764 | D:4      | 2764 ||| STAIRDANCE
  3063 | D:4      | 3063 ||| Stepping ~*~*~tactically~*~*~ (hiding).
  3071 | D:4      | 3071 ||| DRINKING 3 potions of curing.
  3071 | D:4      | 3071 ||| (to cure confusion)
  3072 | D:4      | 3072 ||| Stepping ~*~*~tactically~*~*~ (hiding).
  3076 | D:4      | Reached XP level 6. HP: 37/38 MP: 6/6
  3079 | D:4      | 3079 ||| Stepping ~*~*~tactically~*~*~ (hiding).
  3119 | D:4      | 3119 ||| DROPPING +0 mace.
  3252 | D:4      | 3252 ||| READING scroll labelled EFENGAMP ALYINK.
  3253 | D:4      | 3253 ||| READING scroll labelled SEPLEG BIVY.
  3254 | D:4      | 3254 ||| READING scroll labelled CUNEUDASTE.
  3282 | D:5      | Entered Level 5 of the Dungeon
  3283 | D:5      | 3283 ||| PLANNING OSSUARY
  3326 | D:5      | Reached skill level 6 in Axes
  3326 | D:5      | Reached XP level 7. HP: 43/43 MP: 7/7
  3327 | D:5      | Found an ancient bone altar of Kikubaaqudgha.
  3386 | D:5      | Reached skill level 7 in Axes
  3417 | D:5      | Reached XP level 8. HP: 49/49 MP: 8/8
  3463 | D:5      | 3463 ||| Stepping ~*~*~tactically~*~*~ (stealth).
  3465 | D:5      | 3465 ||| Stepping ~*~*~tactically~*~*~ (stealth).
  3530 | D:5      | 3530 ||| Stepping ~*~*~tactically~*~*~ (stealth).
  3543 | D:5      | Reached skill level 8 in Axes
  3568 | D:5      | Found a sand-covered staircase.
  3569 | D:5      | 3569 ||| UPGRADING to +0 plate armour.
  3579 | D:5      | 3579 ||| DROPPING +0 chain mail.
  3588 | D:5      | 3588 ||| FLEEEEING.
  3589 | D:5      | 3589 ||| FLEEEEING.
  3590 | D:5      | 3590 ||| FLEEEEING.
  3591 | D:5      | 3591 ||| FLEEEEING.
  3592 | D:5      | 3592 ||| FLEEEEING.
  3593 | D:5      | 3593 ||| FLEEEEING.
  3594 | D:5      | 3594 ||| FLEEEEING.
  3598 | D:5      | 3598 ||| FLEEEEING.
  3599 | D:5      | 3599 ||| FLEEEEING.
  3600 | D:5      | 3600 ||| FLEEEEING.
  3601 | D:5      | 3601 ||| FLEEEEING.
  3602 | D:5      | 3602 ||| FLEEEEING.
  3603 | D:5      | 3603 ||| STAIRDANCE
  3610 | D:5      | 3610 ||| STAIRDANCE
  3630 | Ossuary  | Entered an ossuary
  3664 | Ossuary  | Reached skill level 6 in Fighting
  3848 | Ossuary  | 3848 ||| READING 2 scrolls labelled JISUTR ATUZ.
  3849 | Ossuary  | 3849 ||| READING scroll of brand weapon.
  3849 | Ossuary  | 3849 ||| BRANDING +1 war axe of draining.
  3850 | Ossuary  | 3850 ||| READING scroll labelled BITHRA BARIRUWN.
  3851 | Ossuary  | 3851 ||| DRINKING 2 purple potions.
  3852 | Ossuary  | 3852 ||| DRINKING 2 sapphire potions.
  3853 | Ossuary  | 3853 ||| DRINKING 2 bubbling ruby potions.
  3868 | D:5      | 3868 ||| PLANNING D:1-11
  3893 | D:5      | 3893 ||| READING 3 scrolls of enchant weapon.
  3893 | D:5      | 3893 ||| ENCHANTING +1 war axe of protection.
  3894 | D:5      | 3894 ||| READING 2 scrolls of enchant weapon.
  3894 | D:5      | 3894 ||| ENCHANTING +2 war axe of protection.
  3895 | D:5      | 3895 ||| READING scroll of enchant weapon.
  3895 | D:5      | 3895 ||| ENCHANTING +3 war axe of protection.
  4147 | D:5      | Found a staircase to the Ecumenical Temple.
  4148 | D:5      | 4148 ||| PLANNING TEMPLE
  4157 | D:5      | Reached skill level 1 in Throwing
  4176 | D:5      | 4176 ||| DROPPING ring of positive energy.
  4177 | D:5      | 4177 ||| UPGRADING to +4 ring of evasion.
  4190 | D:5      | 4190 ||| DROPPING +0 flail.
  4195 | Temple   | Entered the Ecumenical Temple
  4205 | Temple   | 4205 ||| PLANNING OKAWARU WORSHIP
  4402 | Temple   | Became a worshipper of Warmaster Okawaru
  4403 | Temple   | 4403 ||| PLANNING D:1-11
  4497 | D:5      | Noticed Edmund
  4507 | D:5      | Found a snail-covered altar of Cheibriados.
  4540 | D:5      | Killed Edmund
  4543 | D:5      | 4543 ||| DROPPING +2 flail of draining.
  4557 | D:5      | Found a glowing silver altar of Zin.
  4630 | D:5      | 4630 ||| READING 2 scrolls of identify.
  4630 | D:5      | 4630 ||| IDENTIFYING lumpy puce potion
  4647 | D:6      | Noticed a two-headed ogre
  4650 | D:6      | 4650 ||| STAIRDANCE
  4654 | D:5      | HP: 12/51 [two-headed ogre/+0 giant club (1)]
  4655 | D:5      | 4655 ||| READING 8 scrolls of teleportation.
  4658 | D:5      | Killed a two-headed ogre
  4658 | D:5      | Reached * piety under Okawaru
  4659 | D:5      | Reached skill level 9 in Axes
  4659 | D:5      | Reached XP level 9. HP: 18/55 MP: 9/9
  4720 | D:6      | 4720 ||| STAIRDANCE
  4748 | D:6      | Noticed Menkaure
  4749 | D:6      | 4749 ||| INVOKING Heroism.
  4751 | D:6      | 4751 ||| Stepping ~*~*~tactically~*~*~ (hiding).
  4763 | D:6      | Killed Menkaure
  4764 | D:6      | Reached skill level 1 in Invocations
  4768 | D:6      | 4768 ||| Stepping ~*~*~tactically~*~*~ (stealth).
  4773 | D:6      | 4773 ||| Stepping ~*~*~tactically~*~*~ (stealth).
  4784 | D:6      | Identified the +2 whip "Piep" {spect, Int+3 Dex+2}
  4803 | D:6      | 4803 ||| Stepping ~*~*~tactically~*~*~ (stealth).
  4806 | D:6      | 4806 ||| INVOKING Heroism.
  4840 | D:6      | 4840 ||| INVOKING Heroism.
  4874 | D:6      | 4874 ||| INVOKING Heroism.
  4890 | D:6      | Reached skill level 3 in Invocations
  5087 | D:6      | 5087 ||| READING scroll of enchant weapon.
  5087 | D:6      | 5087 ||| ENCHANTING +4 war axe of protection.
  5106 | D:6      | 5106 ||| Stepping ~*~*~tactically~*~*~ (hiding).
  5108 | D:6      | 5108 ||| Stepping ~*~*~tactically~*~*~ (hiding).
  5113 | D:6      | 5113 ||| DRINKING 4 potions of curing.
  5113 | D:6      | 5113 ||| (to cure confusion)
  5142 | D:6      | 5142 ||| Stepping ~*~*~tactically~*~*~ (stealth).
  5144 | D:6      | 5144 ||| INVOKING Heroism.
  5227 | D:7      | 5227 ||| INVOKING Heroism.
  5316 | D:7      | 5316 ||| INVOKING Heroism.
  5443 | D:7      | 5443 ||| Stepping ~*~*~tactically~*~*~ (stealth).
  5492 | D:7      | 5492 ||| READING scroll of enchant weapon.
  5492 | D:7      | 5492 ||| ENCHANTING +5 war axe of protection.
  5499 | D:7      | 5499 ||| Stepping ~*~*~tactically~*~*~ (hiding).
  5504 | D:7      | Reached ** piety under Okawaru
  5607 | D:7      | 5607 ||| INVOKING Heroism.
  5617 | D:7      | Reached skill level 6 in Armour
  5666 | D:7      | 5666 ||| Stepping ~*~*~tactically~*~*~ (stealth).
  5671 | D:7      | 5671 ||| Stepping ~*~*~tactically~*~*~ (hiding).
  5677 | D:7      | Reached XP level 10. HP: 63/63 MP: 13/13
  5706 | D:7      | 5706 ||| Stepping ~*~*~tactically~*~*~ (stealth).
  5708 | D:7      | 5708 ||| Stepping ~*~*~tactically~*~*~ (stealth).
  5727 | D:7      | 5727 ||| Stepping ~*~*~tactically~*~*~ (stealth).
  5736 | D:7      | 5736 ||| Stepping ~*~*~tactically~*~*~ (stealth).
  5738 | D:7      | 5738 ||| Stepping ~*~*~tactically~*~*~ (hiding).
  5745 | D:7      | 5745 ||| INVOKING Heroism.
  5752 | D:7      | Reached skill level 10 in Axes
  5781 | D:7      | 5781 ||| INVOKING Heroism.
  5796 | D:7      | 5796 ||| INVOKING Heroism.
  6135 | D:7      | 6135 ||| READING scroll labelled CUPPIPL INESMI.
  6136 | D:7      | 6136 ||| DRINKING 3 glowing white potions.
  6169 | D:8      | Noticed Psyche
  6170 | D:8      | 6170 ||| INVOKING Heroism.
  6184 | D:8      | Killed Psyche
  6184 | D:8      | Reached *** piety under Okawaru
  6363 | D:8      | Found a flagged portal.
  6388 | D:8      | Noticed Maggie
  6390 | D:8      | 6390 ||| FLEEEEING.
  6391 | D:8      | 6391 ||| FLEEEEING.
  6392 | D:8      | 6392 ||| FLEEEEING.
  6393 | D:8      | 6393 ||| FLEEEEING.
  6394 | D:8      | 6394 ||| Stepping ~*~*~tactically~*~*~ (hiding).
  6395 | D:8      | 6395 ||| Stepping ~*~*~tactically~*~*~ (hiding).
  6419 | D:8      | Killed Maggie
  6419 | D:8      | Received a gift from Okawaru
  6461 | D:8      | Reached skill level 11 in Axes
  6469 | D:8      | 6469 ||| Stepping ~*~*~tactically~*~*~ (hiding).
  6470 | D:8      | 6470 ||| Stepping ~*~*~tactically~*~*~ (hiding).
  6474 | D:8      | 6474 ||| INVOKING Heroism.
  6475 | D:8      | 6475 ||| DRINKING 3 potions of curing.
  6475 | D:8      | 6475 ||| (to cure confusion)
  6501 | D:8      | Reached skill level 9 in Fighting
  6502 | D:8      | Reached XP level 11. HP: 56/71 MP: 14/14
  6533 | D:8      | Found a staircase to the Lair.
  6631 | D:8      | 6631 ||| Stepping ~*~*~tactically~*~*~ (hiding).
  6637 | D:8      | 6637 ||| INVOKING Heroism.
  6654 | D:8      | 6654 ||| Stepping ~*~*~tactically~*~*~ (stealth).
  6658 | D:8      | 6658 ||| Stepping ~*~*~tactically~*~*~ (stealth).
  6766 | D:8      | 6766 ||| INVOKING Heroism.
  6885 | D:8      | 6885 ||| PLANNING LAIR
  6885 | D:8      | 6885 ||| DROPPING amulet of magic regeneration.
  6886 | D:8      | 6886 ||| READING scroll labelled WEACOAGIFO.
  6920 | Lair:1   | Entered Level 1 of the Lair of Beasts
  6921 | Lair:1   | 6921 ||| INVOKING Heroism.
  6931 | Lair:1   | Reached **** piety under Okawaru
  7010 | Lair:1   | 7010 ||| INVOKING Heroism.
  7018 | Lair:1   | Reached skill level 12 in Axes
  7037 | Lair:1   | 7037 ||| INVOKING Heroism.
  7159 | Lair:1   | Found a runed translucent gate.
  7159 | Lair:1   | Found a runed translucent gate.
  7159 | Lair:1   | Found a runed translucent gate.
  7159 | Lair:1   | Noticed a glowing orange brain
  7159 | Lair:1   | Noticed qw's ghost (journeyman GrFi)
  7160 | Lair:1   | Found a viscous altar of Jiyva.
  7213 | Lair:1   | Found a frozen archway.
  7541 | Lair:2   | Noticed a seven-headed hydra
  7542 | Lair:2   | 7542 ||| INVOKING Heroism.
  7544 | Lair:2   | 7544 ||| SWAPPING to +1 flail of protection.
  7547 | Lair:2   | HP: 13/71 [seven-headed hydra (11)]
  7548 | Lair:2   | 7548 ||| READING 13 scrolls of teleportation.
  7549 | Lair:2   | 7549 ||| DRINKING 2 potions of heal wounds.
  7552 | Lair:2   | 7552 ||| Stepping ~*~*~tactically~*~*~ (outnumbered).
  7554 | Lair:2   | 7554 ||| SWAPPING to +6 war axe of protection.
  7611 | Lair:2   | 7611 ||| INVOKING Heroism.
  7622 | Lair:2   | Reached skill level 6 in Invocations
  7640 | Lair:2   | 7640 ||| INVOKING Heroism.
  7721 | Lair:2   | 7721 ||| Stepping ~*~*~tactically~*~*~ (stealth).
  7723 | Lair:2   | 7723 ||| INVOKING Heroism.
  7735 | Lair:2   | 7735 ||| Stepping ~*~*~tactically~*~*~ (stealth).
  7742 | Lair:2   | 7742 ||| Stepping ~*~*~tactically~*~*~ (stealth).
  7771 | Lair:2   | Reached skill level 6 in Shields
  7817 | Lair:2   | 7817 ||| INVOKING Heroism.
  7825 | Lair:2   | Reached ***** piety under Okawaru
  7829 | Lair:2   | 7829 ||| Stepping ~*~*~tactically~*~*~ (stealth).
  7841 | Lair:2   | 7841 ||| Stepping ~*~*~tactically~*~*~ (stealth).
  7905 | Lair:2   | 7905 ||| Stepping ~*~*~tactically~*~*~ (stealth).
  7924 | Lair:2   | Noticed a catoblepas
  7925 | Lair:2   | 7925 ||| INVOKING Heroism.
  7926 | Lair:2   | 7926 ||| INVOKING Finesse.
  7940 | Lair:2   | Killed a catoblepas
  7940 | Lair:2   | Received a gift from Okawaru
  7941 | Lair:2   | Reached XP level 12. HP: 70/77 MP: 10/18
  7990 | Lair:2   | 7990 ||| SWAPPING to +5 vorpal broad axe.
  7991 | Lair:2   | 7991 ||| DROPPING +6 war axe of protection.
  8063 | Lair:2   | 8063 ||| INVOKING Heroism.
  8077 | Lair:2   | Noticed Prince Ribbit
  8079 | Lair:2   | 8079 ||| Stepping ~*~*~tactically~*~*~ (stealth).
  8081 | Lair:2   | 8081 ||| Stepping ~*~*~tactically~*~*~ (stealth).
  8082 | Lair:2   | 8082 ||| Stepping ~*~*~tactically~*~*~ (stealth).
  8091 | Lair:2   | Killed Prince Ribbit
  8103 | Lair:2   | 8103 ||| INVOKING Heroism.
  8210 | Lair:2   | 8210 ||| READING scroll of enchant weapon.
  8210 | Lair:2   | 8210 ||| ENCHANTING +5 vorpal broad axe.
  8502 | Lair:2   | 8502 ||| INVOKING Heroism.
  8503 | Lair:2   | 8503 ||| INVOKING Finesse.
  8506 | Lair:2   | 8506 ||| SWAPPING to +1 flail of protection.
  8517 | Lair:2   | Killed a seven-headed hydra
  8518 | Lair:2   | 8518 ||| SWAPPING to +6 vorpal broad axe.
  8695 | Lair:2   | 8695 ||| DRINKING 2 glowing coppery potions.
  8696 | Lair:2   | 8696 ||| READING 3 scrolls of identify.
  8696 | Lair:2   | 8696 ||| IDENTIFYING black potion
  8697 | Lair:2   | 8697 ||| READING 2 scrolls of identify.
  8697 | Lair:2   | 8697 ||| IDENTIFYING glowing amethyst potion
  8698 | Lair:2   | 8698 ||| DROPPING potion of ambrosia.
  8723 | Lair:3   | 8723 ||| STAIRDANCE
  8783 | Lair:3   | 8783 ||| Stepping ~*~*~tactically~*~*~ (stealth).
  8784 | Lair:3   | 8784 ||| Stepping ~*~*~tactically~*~*~ (stealth).
  8805 | Lair:3   | 8805 ||| INVOKING Heroism.
  8812 | Lair:3   | Reached skill level 9 in Invocations
  8861 | Lair:3   | You fall into a shaft and drop 1 floor!
  8862 | Lair:4   | 8862 ||| INVOKING Heroism.
  8864 | Lair:4   | Noticed Kirke
  8870 | Lair:4   | Noticed an eight-headed hydra
  8876 | Lair:4   | 8876 ||| SWAPPING to +1 flail of protection.
  8879 | Lair:4   | 8879 ||| Stepping ~*~*~tactically~*~*~ (outnumbered).
  8880 | Lair:4   | 8880 ||| Stepping ~*~*~tactically~*~*~ (outnumbered).
  8887 | Lair:4   | 8887 ||| Stepping ~*~*~tactically~*~*~ (outnumbered).
  8889 | Lair:4   | 8889 ||| Stepping ~*~*~tactically~*~*~ (outnumbered).
  8890 | Lair:4   | 8890 ||| Stepping ~*~*~tactically~*~*~ (outnumbered).
  8891 | Lair:4   | 8891 ||| Stepping ~*~*~tactically~*~*~ (outnumbered).
  8892 | Lair:4   | 8892 ||| Stepping ~*~*~tactically~*~*~ (outnumbered).
  8894 | Lair:4   | 8894 ||| Stepping ~*~*~tactically~*~*~ (outnumbered).
  8898 | Lair:4   | 8898 ||| Stepping ~*~*~tactically~*~*~ (outnumbered).
  8902 | Lair:4   | 8902 ||| Stepping ~*~*~tactically~*~*~ (outnumbered).
  8904 | Lair:4   | 8904 ||| INVOKING Heroism.
  8905 | Lair:4   | 8905 ||| Stepping ~*~*~tactically~*~*~ (outnumbered).
  8909 | Lair:4   | Killed an eight-headed hydra
  8910 | Lair:4   | 8910 ||| SWAPPING to +6 vorpal broad axe.
  8912 | Lair:4   | 8912 ||| DRINKING potion of cancellation.
  8922 | Lair:4   | HP: 19/77 [cane toad (17)]
  8923 | Lair:4   | 8923 ||| READING 12 scrolls of teleportation.
  8927 | Lair:4   | Killed Kirke
  8927 | Lair:4   | HP: 19/77 [cane toad (4)]
  8928 | Lair:4   | 8928 ||| DRINKING potion of heal wounds.
  9062 | Lair:4   | 9062 ||| READING scroll labelled QYSMER ATSASU.
  9069 | Lair:3   | 9069 ||| INVOKING Heroism.
  9076 | Lair:3   | Noticed a six-headed hydra
  9077 | Lair:3   | 9077 ||| SWAPPING to +1 flail of protection.
  9078 | Lair:3   | 9078 ||| Stepping ~*~*~tactically~*~*~ (outnumbered).
  9079 | Lair:3   | 9079 ||| SWAPPING to +6 vorpal broad axe.
  9080 | Lair:3   | 9080 ||| SWAPPING to +1 flail of protection.
  9081 | Lair:3   | 9081 ||| Stepping ~*~*~tactically~*~*~ (outnumbered).
  9082 | Lair:3   | 9082 ||| Stepping ~*~*~tactically~*~*~ (outnumbered).
  9083 | Lair:3   | 9083 ||| Stepping ~*~*~tactically~*~*~ (outnumbered).
  9097 | Lair:3   | Killed a six-headed hydra
  9098 | Lair:3   | 9098 ||| SWAPPING to +6 vorpal broad axe.
  9104 | Lair:3   | Reached skill level 13 in Axes
  9119 | Lair:3   | 9119 ||| INVOKING Heroism.
  9121 | Lair:3   | Received a gift from Okawaru
  9150 | Lair:3   | 9150 ||| DROPPING +1 flail of protection.
  9169 | Lair:3   | Found a staircase to the Snake Pit.
  9264 | Lair:3   | Found a staircase to the Shoals.
  9633 | Lair:3   | 9633 ||| READING scroll of brand weapon.
  9633 | Lair:3   | 9633 ||| BRANDING +6 vorpal broad axe.
  9998 | Lair:4   | 9998 ||| Stepping ~*~*~tactically~*~*~ (stealth).
 10006 | Lair:4   | Reached skill level 9 in Armour
 10010 | Lair:4   | 10010 ||| Stepping ~*~*~tactically~*~*~ (stealth).
 10014 | Lair:4   | 10014 ||| Stepping ~*~*~tactically~*~*~ (stealth).
 10036 | Lair:4   | 10036 ||| Stepping ~*~*~tactically~*~*~ (stealth).
 10040 | Lair:4   | Reached XP level 13. HP: 78/82 MP: 20/20
 10082 | Lair:4   | Found a viscous altar of Jiyva.
 10082 | Lair:4   | Found a staircase to the Slime Pits.
 10094 | Lair:4   | 10094 ||| Stepping ~*~*~tactically~*~*~ (stealth).
 10095 | Lair:4   | 10095 ||| Stepping ~*~*~tactically~*~*~ (stealth).
 10096 | Lair:4   | 10096 ||| READING 11 scrolls of teleportation.
 10097 | Lair:4   | 10097 ||| Stepping randomly (stuck).
 10098 | Lair:4   | 10098 ||| Stepping ~*~*~tactically~*~*~ (stealth).
 10098 | Lair:4   | HP: 12/82 [acid (23)]
 10099 | Lair:4   | 10099 ||| DRINKING potion of heal wounds.
 10100 | Lair:4   | 10100 ||| INVOKING Heroism.
 10100 | Lair:4   | Splashed with acid

Levels and vault maps discovered:
D:1:      sevenhm_arrival_forest_fort_large_4, layout_basic,
          chequers_ecumenical_altar_grove, st_stairs_11
D:2:      layout_loops_ring, minmay_pentomino_w4
D:3:      layout_basic, minmay_misc_feat_plants, uniq_ijyb,
          uniq_crazy_yiuf_cottage, uniq_natasha
D:4:      layout_basic
D:5:      layout_loops_ring, mainiacjoe_overflow_two_lobes,
          lemuel_mausoleum_altar_kikubaaqudgha, minmay_temple_entry_mini_moons,
          nicolae_ossuary_entry_monument, uniq_edmund
D:6:      layout_rooms, uniq_menkaure
D:7:      layout_loops_ring
D:8:      layout_basic, minmay_lair_entry_grove, enter_bailey_2, uniq_maggie,
          uniq_psyche
Temple:   nicolae_temple_bog_church
Lair:1:   layout_hall_layers, portal_ice_cave_entry_imps, gammafunk_ghost_ooze
Lair:2:   layout_long_grid, enter_volcano_2, hangedman_lair_unloving_vines,
          wad_woods_01, uniq_prince_ribbit2
Lair:3:   layout_cave_pods, elwin_shoals_entry_rocks,
          minmay_snake_entry_guardpost_small, serial_rivers,
          chequers_serial_rivers_small_b, chequers_serial_rivers_room_b,
          chequers_serial_rivers_micro_d, chequers_serial_rivers_small_b,
          minivault_11
Lair:4:   layout_small_grid, dpeg_slime_entry_enclosed,
          eino_small_chamber_without_monster, uniq_kirke

Skill      XL: |  1  2  3  4  5  6  7  8  9 10 11 12 |
---------------+-------------------------------------+-----
Axes           | 2 3 4 5 6 7 9 11 12 13 | 13.6
Dodging        | 1 2 |  2.0
Fighting       | 4 5 6 7 9 10 | 10.0
Armour         | 5 6 7 8 9 |  9.2
Throwing       | 1 2 |  2.2
Invocations    | 4 8 10 | 10.1
Shields        | 4 5 6 |  6.0

Action                   |  1- 3 |  4- 6 |  7- 9 | 10-12 | 13-15 || total
-------------------------+-------+-------+-------+-------+-------++-------
Melee: War axe           |   115 |    88 |   297 |   313 |       ||   813
       Flail             |       |       |       |    49 |       ||    49
       Broad axe         |       |       |       |   126 |    16 ||   142
Throw: Boomerang         |       |       |    35 |    66 |     2 ||   103
Invok: Heroism           |       |       |     8 |    24 |     1 ||    33
       Finesse           |       |       |       |     2 |       ||     2
  Use: Scroll            |     6 |     6 |    10 |     9 |     1 ||    32
       Potion            |     4 |     2 |     4 |     6 |     1 ||    17
Armor: Scale mail        |    50 |       |       |       |       ||    50
       Chain mail        |    16 |    60 |    85 |       |       ||   161
       Plate armour      |       |       |    93 |   337 |     6 ||   436
Dodge: Dodged            |    55 |    22 |    77 |   254 |     6 ||   414
Block: Buckler           |    19 |    14 |    71 |   146 |     5 ||   255

Table legend:
 A = Non-vault XP
 B = Vault XP
 C = Vault XP percentage of total XP
 D = Non-vault monster count
 E = Vault monster count
 F = Vault count percentage of total count
                 A         B        C        D         E       F
            +---------+---------+-------+---------+---------+-------
      Total |   24760 |    8958 |  26.6 |     225 |      83 |  26.9
            +---------+---------+-------+---------+---------+-------
        D:1 |      26 |       6 |  18.8 |      17 |       3 |  15.0
        D:2 |      36 |      10 |  21.7 |      13 |       6 |  31.6
        D:3 |     101 |      72 |  41.6 |      17 |       2 |  10.5
        D:4 |     216 |       0 |   0.0 |      10 |       0 |   0.0
        D:5 |    1549 |     961 |  38.3 |      32 |      13 |  28.9
        D:6 |     756 |     169 |  18.3 |      24 |       1 |   4.0
        D:7 |    2477 |       0 |   0.0 |      30 |       0 |   0.0
        D:8 |     821 |    2819 |  77.4 |      19 |      14 |  42.4
     Lair:1 |    3904 |     123 |   3.1 |      20 |      12 |  37.5
     Lair:2 |    4546 |    2370 |  34.3 |      12 |      10 |  45.5
     Lair:3 |    5059 |     335 |   6.2 |      18 |       2 |  10.0
     Lair:4 |    5269 |    1987 |  27.4 |      13 |       4 |  23.5
    Ossuary |       0 |     106 | 100.0 |       0 |      16 | 100.0
            +---------+---------+-------+---------+---------+-------
